 Dungeon Crawl Stone Soup version 0.29.1-2-gbd0b4ee654 (webtiles) character file.

Game seed: 11463130917267594939

42 adizb the Trooper (level 3, -9/29 HPs)
             Began as a Demonspawn Fighter on Oct 25, 2022.
             Was a Follower of Dithmenos.
             Mangled by a gnoll
             ... wielding a +0 halberd
              (11 damage)
             ... on level 2 of the Dungeon.
             The game lasted 00:10:24 (1870 turns).

adizb the Trooper (Demonspawn Fighter)              Turns: 1870, Time: 00:10:24

Health: -9/29      AC:  4    Str: 16    XL:     3   Next: 33%
Magic:  3/3        EV: 10    Int:  9    God:    Dithmenos [*.....]
Gold:   67         SH:  5    Dex: 14    Spells: 2/2 levels left

rFire   . . .      SeeInvis .   k - +0 rapier (flame)
rCold   . . .      Faith    .   c - +0 buckler
rNeg    . . .      Spirit   .   h - +0 leather armour
rPois   .          Reflect  .   g - +0 helmet
rElec   .          Harm     .   (no cloak)
rCorr   .          Rampage  .   (no gloves)
Will    .....                   (no boots)
Stlth   ++........              (no amulet)
HPRegen 0.09/turn               a - ring of willpower
MPRegen 0.08/turn               (no ring)

@: brilliant, weak-willed, hasted, wreathed by umbra, very quick
A: ignite blood 2
a: Renounce Religion


You were on level 2 of the Dungeon.
You worshipped Dithmenos.
Dithmenos was aware of your devotion.
You visited 1 branch of the dungeon, and saw 2 of its levels.

You collected 67 gold pieces.

Inventory:

Hand Weapons
 k - a +0 rapier of flaming (weapon)
Armour
 c - a +0 buckler (worn)
 g - a +0 helmet (worn)
 h - a +0 leather armour (worn)
Jewellery
 a - a ring of willpower (left hand)
Scrolls
 b - 2 scrolls of magic mapping
 e - a scroll of vulnerability
Potions
 d - a potion of might
 f - a potion of magic
 j - a potion of curing


   Skills:
 + Level 3.4 Fighting
 * Level 0.9 Short Blades
 - Level 1.9 Maces & Flails
 - Level 2.8 Armour
 + Level 0.2 Dodging
 * Level 1.2 Stealth
 + Level 2.9 Shields


You had 2 spell levels left.
You didn't know any spells.
Your spell library contained the following spells:

 Spells                   Type           Power      Damage    Failure   Level
 Magic Dart               Conj           0%         1d3       54%         1
 Call Imp                 Summ           0%         N/A       69%         2
 Mephitic Cloud           Conj/Pois/Air  0%         N/A       89%         3


Dungeon Overview and Level Annotations

Branches:
Dungeon (2/15)

Altars:
Dithmenos

Shops:
D:2 [


Innate Abilities, Weirdness & Mutations

Your demonic aura often causes spilled blood to erupt in flames.


Message History

The gnoll closely misses you.
The gnoll shouts!
You hit the gnoll. You burn the gnoll.
The gnoll is almost dead.
The gnoll hits you with a +0 rapier.
You hit the gnoll but do no damage.
The gnoll is almost dead.
The gnoll closely misses you. The gnoll hits you with a +0 rapier.
The gnoll closely misses you.
You hit the gnoll. You burn the gnoll.
The gnoll is almost dead.
The gnoll hits you with a +0 rapier. The gnoll closely misses you.
Okay, then.
You block the gnoll's attack.
You hit the gnoll but do no damage.
The gnoll is almost dead.
The gnoll barely misses you.
The gnoll hits you from afar with a +0 halberd.
* * * LOW HITPOINT WARNING * * *
The gnoll attacks as you move away! The gnoll hits you but does no damage.
The air fills with toxic fumes!
As you read the scroll labelled YRAXAX VEESOD, it crumbles to dust.
It was a scroll of poison.
As you read the scroll labelled YSTAUWN BIMNUA, it crumbles to dust.
Magic quickly surges around you.
It was a scroll of vulnerability.
Okay, then.
It was a potion of magic.
Magic courses through your body.
It was a potion of haste.
You feel yourself speed up.
It was a potion of brilliance.
You feel clever all of a sudden.
It was a potion of curing.
You feel better. You block the gnoll's attack.
The gnoll hits you from afar with a +0 halberd!
* * * LOW HITPOINT WARNING * * *
You barely miss the gnoll.
The gnoll is almost dead.
The gnoll hits you with a +0 rapier.
* * * LOW HITPOINT WARNING * * *
The gnoll hits you from afar with a +0 halberd!
You die...

*,,,* *,,,* ***,,,* **,,,,,*
####*** *,,*,..# #.☼#,,**
*,*,,... ##☼.#*>,** **,,,,...
#.○.#**,,***,,,,,... #.#@#
**,,**.,,,,... #########.#g#
**,#..,,,,...
##.....#...☼g#####...#,,,,...
##..........☼.○#..g..#*,,_,...
#..........°☼○§.g#**,**,,,,...
#...)......°§.°.## *,*,,,,,,**
#.........○§§§.☼##**...*#,***
#..............$..,,..###.####
#...........[...####.###......


You could see 2 gnolls.

Vanquished Creatures
  A dart slug (D:1)
  3 bats (D:1)
  3 endoplasms (D:2)
  15 giant cockroaches
  A goblin (D:1)
  2 hobgoblins
  A quokka (D:2)
  2 ball pythons
  2 kobolds
  3 rats
33 creatures vanquished.

Notes
Turn   | Place    | Note
-------+----------+-------------------------------------------
     0 | D:1      | adizb the Demonspawn Fighter began the quest for the Orb.
     0 | D:1      | Reached XP level 1. HP: 18/18 MP: 1/1
   230 | D:1      | Found a faded altar of an unknown god.
   241 | D:1      | Gained mutation: Your demonic aura sometimes causes spilled
                  | blood to erupt in flames. [demonic ancestry]
   241 | D:1      | Reached XP level 2. HP: 24/24 MP: 2/2
   242 | D:1      | Prayed at the altar of an unknown god.
   242 | D:1      | Became a worshipper of Dithmenos the Shadowed
   242 | D:1      | Reached * piety under Dithmenos
   864 | D:2      | Found Xoemuthy's Armour Shoppe.
  1256 | D:1      | Reached skill level 1 in Stealth
  1256 | D:1      | Gained mutation: Your demonic aura often causes spilled
                  | blood to erupt in flames. [demonic ancestry]
  1256 | D:1      | Reached XP level 3. HP: 15/29 MP: 3/3
  1870 | D:2      | Mangled by a gnoll

Illustrated notes

Levels and vault maps discovered:
D:1:      dpeg_chamrin_arrival_tetris, layout_basic,
          ebering_ecumenical_altar_ruins, nicolae_eternal_life
D:2:      minmay_roachtagon, layout_rooms, basic_altar, serial_shops, shop

Skill      XL: |  1  2 |
---------------+-------+-----
Stealth        | 1 |  1.2
Fighting       | |  3.4
Short Blades   | |  0.9
Maces & Flails | |  1.9
Armour         | |  2.8
Dodging        | |  0.2
Shields        | |  2.9

Action                   || total
-------------------------++-------
Melee: Flail             ||    20
       Dagger            ||   139
       Rapier            ||    26
  Use: Scroll            ||     6
       Potion            ||     4
Armor: Scale mail        ||    10
       Leather armour    ||    60
Dodge: Dodged            ||   147
Block: Buckler           ||    50
